 Dungeon Crawl Stone Soup version 0.29.1-2-gbd0b4ee654 (webtiles) character file.

Game seed: 5562846601854908169

5 slushfilter the Caller (level 1, 0/16 HPs)
             Began as a Troll Summoner on Nov 11, 2022.
             Succumbed to an adder's poison
             ... on level 2 of the Dungeon.
             The game lasted 00:17:08 (633 turns).

slushfilter the Caller (Troll Summoner)              Turns: 633, Time: 00:17:09

Health: 0/16       AC:  3    Str: 15    XL:     1   Next: 66%
Magic:  0/1        EV:  9    Int: 11    God:
Gold:   25         SH:  0    Dex: 10    Spells: 0/2 levels left

rFire   . . .      SeeInvis .   a - +0 club
rCold   . . .      Faith    .   (no shield)
rNeg    . . .      Spirit   .   (body armour restricted)
rPois   .          Reflect  .   (helmet restricted)
rElec   .          Harm     .   e - +0 cloak
rCorr   .          Rampage  .   (gloves unavailable)
Will    .....                   (boots unavailable)
Stlth   +.........              (no amulet)
HPRegen 0.85/turn               (no ring)
MPRegen 0.07/turn               (no ring)

@: lethally poisoned (0 -> -2)
A: large, unfitting armour, claws 3, regeneration 1, shaggy fur 1, tough skin 1
a: no special abilities


You were on level 2 of the Dungeon.
You visited 1 branch of the dungeon, and saw 2 of its levels.

You collected 25 gold pieces.

Inventory:

Hand Weapons
 a - a +0 club (weapon)
Armour
 c - a +0 ring mail {poop}
 d - a +0 leather armour
 e - a +0 cloak (worn)
Potions
 b - a potion of magic
 f - a potion of attraction


   Skills:
 * Level 0.5 Armour
 + Level 1.7 Dodging
 + Level 1.0 Stealth
 + Level 1.3 Spellcasting
 - Level 2.9 Summonings


You couldn't memorise any spells.
You knew the following spells:

 Your Spells              Type           Power      Damage    Failure   Level
a - Summon Small Mammal   Summ           28%        N/A       10%         1
b - Necrotise             Necr           0%         1d4       30%         1

Your spell library contained the following spells:

 Spells                   Type           Power      Damage    Failure   Level
 Call Imp                 Summ           7%         N/A       14%         2
 Call Canine Familiar     Summ           7%         N/A       28%         3
 Summon Guardian Golem    Hex/Summ       4%         N/A       45%         3
 Vampiric Draining        Necr           0%         2d6       67%         3
 Summon Lightning Spire   Summ/Air       4%         N/A       86%         4
 Agony                    Necr           0%         N/A       100%        5


Dungeon Overview and Level Annotations

Branches:
Dungeon (2/15)

Altars:


Innate Abilities, Weirdness & Mutations

You are too large for most types of armour.
You have claws for hands.
Your natural rate of healing is unusually fast.
You are covered in fur. (AC +1)
You have tough skin. (AC +1)


Message History

The adder poisons you! The adder completely misses you.
You feel sick. The adder barely misses you.
You completely miss the adder.
The adder is lightly wounded.
You feel sick. The adder barely misses you.
The adder bites you but does no damage.
You barely miss the adder. Your claw misses the adder.
The adder is lightly wounded.
You feel sick. The adder barely misses you.
You hit the adder but do no damage.
The adder is lightly wounded.
You feel sick. The adder closely misses you. The adder barely misses you.
You barely miss the adder.
The adder is lightly wounded.
You feel sick.
You are no longer poisoned.
The adder bites you but does no damage. The adder barely misses you.
Casting: Necrotise (safe; 30% risk of failure)
Confirm with . or Enter, or press ? or * to list all spells.
Aiming: Necrotise (safe; 30% risk of failure)
Press: ? - help, Shift-Dir - straight line, f/p - adder
Aim: an adder (lightly wounded, chance to affect: 41%)
The adder resists with some effort.
The adder bites you but does no damage.
You hit the adder.
The adder is moderately wounded.
The adder bites you. The adder bites you but does no damage.
You hit the adder.
The adder is heavily wounded.
The adder bites you.
* * * LOW HITPOINT WARNING * * *
You are poisoned.
The adder poisons you!
* * * LOW HITPOINT WARNING * * *
You feel sick. The adder barely misses you. The adder bites you.
* * * LOW HITPOINT WARNING * * *
* * * LOW HITPOINT WARNING * * *
You feel sick.
You completely miss the adder.
The adder is heavily wounded.
You die...

##.## #$..#
###...###
#####.......######
..................
#####.......######
###...###
#####...# ####
#######..@S..##
... ..........####
#.# #.#####.#.#
####.###.# #.#.#
.........# #.#.#
..##.###.# #.#..
..##.# #.# #.###
..##.# #.# #.#
..##.# #.# #.#


You could see an adder.

Vanquished Creatures
  2 bats (D:1)
  An endoplasm (D:1)
  A ball python (D:1)
  A goblin (D:1)
  A rat (D:2)
6 creatures vanquished.

Vanquished Creatures (others)
  2 plants (D:1)
2 creatures vanquished.

Grand Total: 8 creatures vanquished

Notes
Turn   | Place    | Note
-------+----------+-------------------------------------------
     0 | D:1      | slushfilter the Troll Summoner began the quest for the Orb.
     0 | D:1      | Reached XP level 1. HP: 16/16 MP: 1/1
   503 | D:1      | Learned a level 1 spell: Necrotise
   633 | D:2      | Succumbed to an adder's poison

Illustrated notes

Levels and vault maps discovered:
D:1:      saegor_arrival_under_anarchy, layout_basic, serial_shops,
          nicolae_shop_waterfront
D:2:      layout_loops_ring

Action                   || total
-------------------------++-------
Melee: Club              ||    19
       Unarmed           ||    16
 Cast: Necrotise         ||     2
  Use: Scroll            ||     1
       Potion            ||     1
 Stab: Sleeping          ||     1
Armor: Skin              ||    10
Dodge: Dodged            ||    16
